 Dungeon Crawl Stone Soup version 0.23-a0-767-gdc19b93 (console) character file.

113244 Duffy the Peltast (level 16, 158/158 HPs)
             Began as a Naga Fighter on Jan 19, 2019.
             Was the Champion of the Shining One.
             Quit the game on level 15 of the Dungeon.
             The game lasted 00:42:42 (29586 turns).

Duffy the Peltast (Naga Fighter)                   Turns: 29586, Time: 00:42:43

Health: 158/158    AC: 22    Str: 18    XL:     16   Next: 62%
Magic:  24/24      EV: 14    Int: 21    God:    the Shining One [******]
Gold:   2116       SH: 19    Dex: 12    Spells: 14/15 levels left

rFire    . . .     SeeInvis +   a - +9 broad axe (flame)
rCold    + . .     Gourm    .   r - +0 large shield {rC+}
rNeg     + + +     Faith    .   M - +3 troll leather armour {Snorg}
rPois    +         Spirit   .   v - +0 helmet
rElec    +         Reflect  .   N - scarf {cloud immunity}
rCorr    .         Harm     .   T - +2 pair of gloves of Mysticism {rElec Int+3 SInv}
MR       ++++.     Rnd*Rage +   t - +1 naga barding {Stlth+}
Stlth    +.........             (no amulet)
HPRegen  0.76/turn              g - +4 ring of evasion
MPRegen  0.19/turn              U - ring of the Mage {Wiz MR++ Int+3}

@: glowing, very slow
A: large, see invisible, berserk 1, deformed body, poison resistance, slowness
2, slow metabolism 1, spit poison 1, wild magic 1, constrict 1, AC +5
a: Spit Poison, Divine Shield, Cleansing Flame, Summon Divine Warrior, Brand
Weapon With Holy Wrath, Renounce Religion


You were on level 15 of the Dungeon.
You worshipped the Shining One.
The Shining One was exalted by your worship.
You were not hungry.

You visited 4 branches of the dungeon, and saw 24 of its levels.
You also visited: Sewer, Bailey and Gauntlet.

You collected 3222 gold pieces.
You spent 1087 gold pieces at shops.
You donated 19 gold pieces to Zin.

Inventory:

Hand Weapons
 a - a +9 broad axe of flaming (weapon)
 O - a +1 broad axe of flaming
Armour
 c - a +2 pair of gloves of strength
 r - a +0 large shield of cold resistance (worn)
 t - a +1 naga barding of stealth (worn)
 v - a +0 helmet (worn)
 K - a +0 plate armour of cold resistance
 M - a +3 troll leather armour (worn) {Snorg}
 N - a scarf of cloud immunity (worn)
 T - the +2 pair of gloves of Mysticism (worn) {rElec Int+3 SInv}
   (You found it in a Gauntlet)

   It affects your intelligence (+3).
   It insulates you from electricity.
   It lets you see invisible.
 X - a +2 plate armour of fire resistance
Magical Staves
 S - an uncursed staff of energy
Jewellery
 g - a +4 ring of evasion (left hand)
 G - an uncursed ring of ice
 U - the ring of the Mage (right hand) {Wiz MR++ Int+3}
   (You found it on level 5 of the Dungeon)

   [ring of wizardry]

   It improves your spell success rate.
   It affects your intelligence (+3).
   It affects your resistance to hostile enchantments.
 V - an uncursed ring of protection from magic
Wands
 b - a wand of iceblast (15)
 F - a wand of flame (21)
 H - a wand of paralysis (8)
 R - a wand of scattershot (5)
Scrolls
 i - 10 scrolls of remove curse
 l - 10 scrolls of teleportation
 o - 5 scrolls of immolation
 q - 6 scrolls of enchant armour
 y - a scroll of brand weapon
 A - 2 scrolls of fear
 B - 2 scrolls of blinking
 C - a scroll of fog
 E - 2 scrolls of silence
 I - a scroll of holy word
 L - 3 scrolls of vulnerability
 Q - 2 scrolls of magic mapping
 W - 2 scrolls of summoning
Potions
 d - 2 potions of resistance
 e - 2 potions of ambrosia
 h - 2 potions of flight
 j - 5 potions of brilliance
 k - 4 potions of heal wounds
 m - 3 potions of haste {unknown}
 n - 2 potions of agility
 u - 3 potions of cancellation {unknown}
 w - 3 potions of magic {unknown}
 x - 12 potions of curing
 z - 2 potions of lignification
 J - 2 potions of berserk rage
 P - a potion of might
Miscellaneous
 p - a lamp of fire
 Y - a fan of gales
Comestibles
 f - 39 rations


   Skills:
 - Level 13.8 Fighting
 - Level 15.0 Axes
 + Level 6.9 Armour
 + Level 6.4 Dodging
 - Level 15.0 Shields
 + Level 11.0 Invocations
 + Level 7.6 Evocations


You had 14 spell levels left.
You knew the following spells:

 Your Spells              Type           Power        Failure   Level  Hunger
h - Apportation           Tloc           #.....       12%         1    ##.....

Your spell library contained the following spells:

 Spells                   Type           Power        Failure   Level  Hunger
 Animate Skeleton         Necr           N/A          12%         1    ##.....
 Beastly Appendage        Tmut           #.....       12%         1    ##.....
 Confusing Touch          Hex            #.....       12%         1    ##.....
 Freeze                   Ice            #...         12%         1    ##.....
 Summon Small Mammal      Summ           #...         12%         1    ##.....
 Call Imp                 Summ           #.......     16%         2    ###....
 Sticks to Snakes         Tmut           #.......     16%         2    ###....
 Sublimation of Blood     Necr           #.........   16%         2    ###....
 Throw Frost              Conj/Ice       #.....       16%         2    ###....
 Call Canine Familiar     Summ           #.......     30%         3    ####...
 Confuse                  Hex            #.......     30%         3    ####...
 Gell's Gravitas          Tloc           #.........   30%         3    ####...
 Ozocubu's Armour         Chrm/Ice       #.......     30%         3    ####...
 Spider Form              Tmut/Pois      #.........   30%         3    ####...
 Summon Guardian Golem    Hex/Summ       #.......     30%         3    ####...
 Ice Form                 Ice/Tmut       #.......     65%         4    #####..
 Petrify                  Tmut/Erth      #.......     65%         4    #####..
 Summon Ice Beast         Ice/Summ       #.......     65%         4    #####..
 Summon Lightning Spire   Summ/Air       #.......     65%         4    #####..
 Throw Icicle             Conj/Ice       #.......     65%         4    #####..
 Agony                    Necr           #.......     92%         5    ######.
 Blade Hands              Tmut           #.........   92%         5    ######.
 Metabolic Englaciation   Hex/Ice        #.........   92%         5    ######.
 Yara's Violent Unravell  Hex/Tmut       #.........   92%         5    ######.
 Hydra Form               Tmut           #.........   100%        6    #######
 Dragon Form              Tmut           #.........   100%        7    #######


Dungeon Overview and Level Annotations

Branches:
Dungeon (15/15)            Temple (1/1) D:4            Lair (6/6) D:10
  Swamp (0/4) Lair:3       Spider (0/4) Lair:3          Orc (2/2) D:11
    Elf (0/3) Orc:2        Vaults (0/5) D:14         Depths (0/5) D:15
  Slime: Lair:5-6

Altars:
Ashenzari
Cheibriados
Dithmenos
Elyvilon
Fedhas
Gozag
Hepliaklqana
Kikubaaqudgha
Makhleb
Nemelex Xobeh
Okawaru
Qazlal
Ru
Sif Muna
Trog
Uskayaw
Vehumet
Wu Jian
Xom
Yredelemnul
Zin
The Shining One
Beogh

Shops:
D:8 [*   D:13 (   Orc:1 :   Orc:2 [(?*

Annotations:
D:6 Prince Ribbit
D:9 exclusion: orange crystal statue
Lair:3 exclusion: 2 oklob plants


Innate Abilities, Weirdness & Mutations

You cannot wear boots.
Your serpentine skin is tough. (AC +5)
You have supernaturally acute eyesight. (SInv)
Armour fits poorly on your strangely shaped body.
Your system is resistant to poisons. (rPois)
You cover ground very slowly.
You have a slow metabolism.
You can spit poison.
You can use your snake-like lower body to constrict enemies.
You tend to lose your temper in combat.
Your spells are a little harder to cast, but a little more powerful.


Message History

You are now empty-handed.
You drop the +6 war axe of the Stoat {flame, *Contam Dex+3 Stlth+}.
You start waiting.
Your body shudders with the violent release of wild energies!
Your connection to magic feels subdued.
You feel less contaminated with magical energies.
You start waiting.
Done waiting.
You start waiting.
Your magical contamination has completely faded away.
Wield which item (- for none, * to show all)? (? for menu, Esc to quit)
Your +9 broad axe of flaming bursts into flame!
a - a +9 broad axe of flaming (weapon)
You feel extremely strange.
Your magic regains its normal vibrancy.
You feel less in control of your magic.
You feel a little pissed off.
Unknown command.
Done exploring.
Done exploring.
Are you sure you want to abandon this character and quit the game? (Confirm with "yes".)

..##...##...........#
..#....#..........####
..............###.#..##
....#.................#
...#....##............#
.....................######
(.....................##..##
...........................#
.................@........##
...........................#
..................#...)...####
###............##....#[#(.#..##
####.....########...)..#).)...#
........##.....###.8..###))..##
.......##.......##...#####....##
.......#>.#####.....##.).......###
.......##.......#####.......<....#


There were no monsters in sight!

Vanquished Creatures
  Rupert (D:15)
  Kirke (D:13)
  An orc warlord (Orc:2)
  Nessos (Lair:4)
  A minotaur (Gauntlet)
  An ettin (Orc:1)
  The ghost of Lanoc the Carver, a journeyman DsBe of Trog (D:14)
  Josephine (D:10)
  Snorg (D:14)
  3 fire dragons
  6 hydras
  2 rakshasas
  5 vault guards (D:14)
  An ice dragon (D:15)
  6 two-headed ogres
  4 centaur warriors
  An ogre mage (D:13)
  A death knight (D:13)
  A tengu warrior (D:15)
  4 orc high priests
  Nergalle (D:10)
  4 skeletal warriors
  5 unseen horrors
  A glowing orange brain (Gauntlet)
  3 orc knights
  Pikel (D:7)
  A deep elf archer (D:14)
  A wizard (D:14)
  An orb spider (Lair:3)
  2 lindwurms (Lair:6)
  2 necromancers (Gauntlet)
  2 cyclopes
  2 wolf spiders
  3 deep elf magi
  3 orc sorcerers
  14 ugly things
  9 elephants
  2 manticores
  6 black mambas
  5 gargoyles
  5 torpor snails (Lair:6)
  A guardian serpent (Lair:6)
  15 spiny frogs
  A freezing wraith (D:14)
  A yaktaur (D:13)
  2 kobold demonologists
  A rime drake (Lair:6)
  6 komodo dragons
  A tengu conjurer (D:15)
  A queen bee (D:10)
  3 meliai (D:15)
  8 trolls
  11 hornets
  3 tyrant leeches (Lair:6)
  8 blink frogs (Lair:2)
  9 slime creatures
  5 dream sheep (Lair:6)
  7 hippogriffs
  5 shadows
  A spriggan (D:8)
  2 redbacks (Lair:6)
  25 yaks
  11 wraiths
  Sigmund (D:4)
  4 basilisks
  7 wyverns
  A hungry ghost (D:14)
  5 hogs (D:13)
  6 vampire mosquitoes
  2 swamp worms (Lair:3)
  Menkaure (D:6)
  5 wargs
  2 acid dragons (D:13)
  18 water moccasins
  8 porcupines
  Purgy (Sewer)
  4 sky beasts
  2 slaves (D:7)
  5 black bears
  55 orc warriors
  4 ice beasts
  A necrophage (D:7)
  2 phantoms
  16 wolves
  13 ogres
  19 centaurs
  8 crocodiles
  A gnoll sergeant (D:8)
  5 big kobolds
  13 bullfrogs
  A wyvern zombie (D:15)
  A water moccasin skeleton (D:7)
  4 scorpions
  36 killer bees
  13 wights
  A howler monkey (D:8)
  An electric eel (Lair:1)
  11 crimson imps
  A bullfrog zombie (D:10)
  5 centaur zombies
  12 hounds
  4 jellies
  5 bullfrog skeletons
  3 iguanas
  22 orc priests
  Terence (D:3)
  26 orc wizards
  8 centaur skeletons
  11 worker ants
  5 hell rats (Lair:3)
  A killer bee zombie (D:9)
  A bullfrog simulacrum (D:13)
  A hound zombie (D:10)
  A hound skeleton (D:8)
  A worker ant zombie (D:6)
  7 gnolls
  3 river rats (D:5)
  13 adders
  A howler monkey skeleton (D:11)
  4 shadow imps
  An adder zombie (D:8)
  4 worms
  2 leopard geckos
  140 orcs
  8 giant cockroaches
  6 goblins
  3 hobgoblins
  22 jackals
  7 quokkas
  5 ball pythons (Sewer)
  12 bats
  5 frilled lizards
  A jackal skeleton (D:8)
  39 kobolds
  A quokka skeleton (D:7)
  A quokka zombie (D:6)
  9 rats
  2 fungi (Lair:6)
  4 plants
928 creatures vanquished.

Vanquished Creatures (others)
  A slave (D:7)
  An orc warrior (D:8)
  A worker ant (D:8)
  A giant cockroach (D:8)
  A quokka (D:8)
  23 fungi
  20 plants
  4 toadstools (D:10)
52 creatures vanquished.

Grand Total: 980 creatures vanquished

Notes
Turn   | Place    | Note
-------+----------+-------------------------------------------
     0 | D:1      | Duffy the Naga Fighter began the quest for the Orb.
     0 | D:1      | Reached XP level 1. HP: 21/21 MP: 1/1
    76 | D:1      | Reached XP level 2. HP: 19/28 MP: 2/2
   283 | D:2      | Found a glowing silver altar of Zin.
   286 | D:2      | Found a sparkling altar of Nemelex Xobeh.
   308 | D:2      | Became a worshipper of Zin the Law-Giver
   682 | D:1      | Reached XP level 3. HP: 32/34 MP: 3/3
   702 | D:1      | Reached * piety under Zin
  1626 | D:2      | Found a hazy altar of Hepliaklqana.
  1857 | D:2      | Reached XP level 4. HP: 34/42 MP: 4/4
  2612 | D:3      | Noticed Terence
  2632 | D:3      | Killed Terence
  2632 | D:3      | Reached XP level 5. HP: 18/49 MP: 5/5
  3173 | D:3      | Reached ** piety under Zin
  3331 | D:3      | Found a faded altar of an unknown god.
  3621 | D:4      | Found a blossoming altar of Fedhas.
  3720 | D:4      | Reached XP level 6. HP: 50/56 MP: 6/6
  3962 | D:4      | Found a staircase to the Ecumenical Temple.
  4002 | Temple   | Entered the Ecumenical Temple
  4159 | Temple   | Fell from the grace of Zin
  4159 | Temple   | Became a worshipper of the Shining One
  4159 | Temple   | Reached * piety under the Shining One
  4224 | D:4      | Noticed Sigmund
  4232 | D:4      | Killed Sigmund
  4232 | D:4      | Reached skill level 5 in Axes
  4508 | D:5      | Entered Level 5 of the Dungeon
  4641 | D:5      | Reached XP level 7. HP: 43/62 MP: 7/7
  4732 | D:5      | Found a glowing drain.
  4736 | D:5      | Reached skill level 5 in Shields
  4744 | Sewer    | Entered a sewer
  4947 | Sewer    | Noticed Purgy
  4972 | Sewer    | Killed Purgy
  5416 | D:5      | Noticed a yak
  5434 | D:5      | Killed a yak
  5720 | D:5      | Noticed a yak
  5720 | D:5      | Noticed a yak
  5721 | D:5      | Noticed a yak
  5721 | D:5      | Noticed a yak
  5721 | D:5      | Reached ** piety under the Shining One
  5733 | D:5      | Killed a yak
  5733 | D:5      | Reached XP level 8. HP: 66/69 MP: 8/8
  5738 | D:5      | Killed a yak
  5753 | D:5      | Killed a yak
  5765 | D:5      | Killed a yak
  6064 | D:5      | Found the ring of the Mage {Wiz MR++ Int+3}
  6279 | D:6      | Reached XP level 9. HP: 12/75 MP: 9/9
  6675 | D:6      | Noticed Prince Ribbit
  6772 | D:6      | Noticed Menkaure
  6777 | D:6      | Killed Menkaure
  7255 | D:7      | Found a radiant altar of Vehumet.
  7333 | D:7      | Reached skill level 1 in Invocations
  7393 | D:7      | Found a snail-covered altar of Cheibriados.
  7458 | D:7      | Reached *** piety under the Shining One
  7694 | D:7      | Noticed Pikel
  7717 | D:7      | Killed Pikel
  7717 | D:7      | Reached XP level 10. HP: 66/84 MP: 11/13
  7765 | D:7      | Noticed a two-headed ogre
  7776 | D:7      | Killed a two-headed ogre
  7776 | D:7      | Reached skill level 5 in Invocations
  8572 | D:8      | Found Loageo Zoduo's Assorted Antiques.
  8713 | D:8      | Bought a scroll labeled LINLEOR NOHA for 26 gold pieces
  8713 | D:8      | Bought a yellow potion for 23 gold pieces
  8713 | D:8      | Bought a silvery potion for 23 gold pieces
  8767 | D:8      | Reached **** piety under the Shining One
  8941 | D:8      | Found Wyxkow's Armour Boutique.
  9337 | D:8      | Found a shimmering altar of Xom.
  9652 | D:8      | Bought a +1 pair of gloves of strength for 181 gold pieces
  9668 | D:8      | Bought a runed agate ring for 130 gold pieces
  9674 | D:8      | Bought a scroll of identify for 52 gold pieces
  9965 | D:9      | Reached skill level 5 in Fighting
  9965 | D:9      | Reached XP level 11. HP: 63/94 MP: 13/15
  9971 | D:9      | Reached skill level 10 in Axes
 10252 | D:9      | Noticed an orange crystal statue
 10683 | D:9      | Reached skill level 10 in Shields
 10933 | D:9      | You fall through a shaft for 3 floors!
 11072 | D:12     | Found a flagged portal.
 11112 | Bailey   | Entered a bailey
 11796 | Bailey   | Noticed an orc knight
 11809 | Bailey   | Killed an orc knight
 12431 | D:11     | Noticed a seven-headed hydra
 12548 | D:11     | Noticed a manticore
 12562 | D:11     | Killed a manticore
 12566 | D:11     | Found a gate leading to a gauntlet.
 12574 | Gauntlet | Entered a Gauntlet
 12574 | Gauntlet | Found a transporter.
 12574 | Gauntlet | Found a transporter.
 12574 | Gauntlet | Noticed a necromancer
 12882 | Gauntlet | Found a transporter.
 12886 | Gauntlet | Found a transporter.
 12894 | Gauntlet | Found a transporter.
 12898 | Gauntlet | Found a transporter.
 12907 | Gauntlet | Found a transporter.
 12919 | Gauntlet | Noticed a purple ugly thing
 12922 | Gauntlet | Found a transporter.
 12924 | Gauntlet | Noticed a glowing orange brain
 12936 | Gauntlet | Found a transporter.
 12944 | Gauntlet | Noticed a necromancer
 12948 | Gauntlet | Found a transporter.
 12952 | Gauntlet | Found a transporter.
 12952 | Gauntlet | Noticed a fire crab
 12952 | Gauntlet | Reached ***** piety under the Shining One
 13011 | Gauntlet | Killed a necromancer
 13025 | Gauntlet | Reached XP level 12. HP: 87/109 MP: 18/18
 13150 | Gauntlet | Found a transporter.
 13586 | Gauntlet | Identified the +2 shortbow of Guoratek {venom, rN+ Dex+4
                  | Stlth+}
 13586 | Gauntlet | Identified the ring "Faonai" {rPois rC- rN+ Int+7}
 13586 | Gauntlet | Noticed a minotaur
 13613 | Gauntlet | Killed a minotaur
 13630 | Gauntlet | Got a pair of steaming gloves
 13630 | Gauntlet | Got a translucent chain mail
 13632 | Gauntlet | Identified the Disquisition on Evil Moulding
 13693 | Gauntlet | Identified the +2 pair of gloves of Mysticism {rElec Int+3
                  | SInv} (You found it in a Gauntlet)
 13703 | Gauntlet | Identified the +1 chain mail of Virtue {+Fly Dex+4 Slay-4}
                  | (You found it in a Gauntlet)
 13808 | D:11     | Got a brightly glowing great sword
 13848 | D:10     | Entered Level 10 of the Dungeon
 13928 | D:10     | Found a staircase to the Lair.
 14078 | D:10     | Noticed Josephine
 14084 | D:10     | Noticed a two-headed ogre
 14096 | D:10     | Killed Josephine
 14096 | D:10     | Reached skill level 10 in Invocations
 14115 | D:10     | Killed a two-headed ogre
 14248 | D:10     | Noticed Nergalle
 14259 | D:10     | Killed Nergalle
 14355 | D:10     | Reached skill level 10 in Fighting
 14630 | D:10     | Gained mutation: You can use your snake-like lower body to
                  | constrict enemies. [Naga growth]
 14630 | D:10     | Reached XP level 13. HP: 116/123 MP: 17/20
 15532 | D:11     | Found a staircase to the Orcish Mines.
 17290 | Lair:1   | Entered Level 1 of the Lair of Beasts
 19584 | Lair:3   | Got a brightly glowing battleaxe
 19805 | Lair:3   | Found a hole to the Spider Nest.
 19980 | Lair:3   | Reached XP level 14. HP: 139/139 MP: 21/21
 20150 | Lair:3   | Reached skill level 1 in Evocations
 20302 | Lair:3   | Found a staircase to the Swamp.
 20527 | Lair:4   | Learned a level 1 spell: Apportation
 21050 | Lair:4   | Noticed Nessos
 21062 | Lair:4   | Killed Nessos
 21345 | Lair:5   | You fall through a shaft!
 21345 | Lair:6   | Entered Level 6 of the Lair of Beasts
 22846 | Lair:6   | Found a runed door.
 22898 | Lair:6   | Got a sheer robe
 23186 | Lair:6   | Reached skill level 5 in Evocations
 23815 | Orc:1    | Entered Level 1 of the Orcish Mines
 23915 | Orc:1    | Found Sacen's Book Shoppe.
 23971 | Orc:2    | Entered Level 2 of the Orcish Mines
 24242 | Orc:2    | Found a staircase to the Elven Halls.
 24262 | Orc:1    | Reached skill level 1 in Dodging
 24262 | Orc:1    | Reached XP level 15. HP: 150/150 MP: 22/22
 24761 | Orc:1    | Found a roughly hewn altar of Beogh.
 25085 | Orc:2    | Found a roughly hewn altar of Beogh.
 25131 | Orc:2    | Found a roughly hewn altar of Beogh.
 25132 | Orc:2    | Found Buirempaenn's Assorted Antiques.
 25150 | Orc:2    | Bought a garnet ring for 155 gold pieces
 25150 | Orc:2    | Bought a scroll labeled GORAADOROLA for 31 gold pieces
 25218 | Orc:2    | Noticed an orc warlord
 25256 | Orc:2    | Killed an orc warlord
 25424 | Orc:2    | Found Zozy's Antique Weapon Emporium.
 25425 | Orc:2    | Found a roughly hewn altar of Beogh.
 25428 | Orc:2    | Found Oxeak's Antique Armour Shoppe.
 25484 | Orc:2    | Found a roughly hewn altar of Beogh.
 25625 | Orc:2    | Found a roughly hewn altar of Beogh.
 25626 | Orc:2    | Found Govuare's Magic Scroll Boutique.
 25670 | Orc:2    | Found a roughly hewn altar of Beogh.
 25693 | Orc:2    | Found a roughly hewn altar of Beogh.
 25936 | Orc:2    | Bought a scroll of identify for 34 gold pieces
 25936 | Orc:2    | Bought a scroll of identify for 34 gold pieces
 25936 | Orc:2    | Bought a scroll of blinking for 127 gold pieces
 25936 | Orc:2    | Bought a scroll of teleportation for 51 gold pieces
 25936 | Orc:2    | Bought a scroll of identify for 34 gold pieces
 25936 | Orc:2    | Bought a scroll of magic mapping for 59 gold pieces
 25936 | Orc:2    | Bought a scroll of identify for 34 gold pieces
 25936 | Orc:2    | Bought a scroll of immolation for 59 gold pieces
 25936 | Orc:2    | Bought a scroll of identify for 34 gold pieces
 25936 | Orc:2    | Identified 2 scrolls of acquirement
 26183 | D:13     | Noticed Kirke
 26197 | D:13     | Killed Kirke
 26199 | D:13     | Reached skill level 15 in Shields
 26622 | D:13     | Found Xom Usia's Antique Weapon Emporium.
 26768 | D:13     | Found a glowing golden altar of the Shining One.
 26946 | D:13     | Reached ****** piety under the Shining One
 26967 | D:13     | Reached skill level 5 in Armour
 27213 | D:13     | Got a crude scimitar
 27744 | D:14     | Noticed Snorg
 27751 | D:14     | Killed Snorg
 27891 | D:14     | Reached skill level 15 in Axes
 27929 | D:14     | Reached skill level 5 in Dodging
 27929 | D:14     | Reached XP level 16. HP: 158/158 MP: 23/23
 27982 | D:14     | Found a gate to the Vaults.
 28236 | D:14     | Found a large runed door.
 28236 | D:14     | Found a large runed door.
 28237 | D:14     | Noticed Lanoc's ghost (journeyman DsBe)
 28253 | D:14     | Killed Lanoc's ghost
 28533 | D:15     | Entered Level 15 of the Dungeon
 28576 | D:15     | HP: 5/158 [fire dragon/blast of flame (59)]
 28581 | D:15     | HP: 6/158 [fire dragon (3)]
 28586 | D:15     | The Shining One protects you from harm!
 28598 | D:15     | Found a staircase to the Depths.
 29095 | D:15     | Got a warped war axe
 29120 | D:15     | Got a crystal great sword
 29185 | D:15     | Noticed Rupert
 29196 | D:15     | Killed Rupert
 29327 | D:15     | Found a basalt altar of Yredelemnul.
 29385 | D:15     | Identified the +6 war axe of the Stoat {flame, *Contam
                  | Dex+3 Stlth+} (You found it on level 15 of the Dungeon)
 29445 | D:15     | Gained mutation: Your spells are a little easier to cast,
                  | but a little less powerful. [mutagenic glow]
 29585 | D:15     | Lost mutation: Your spells are a little easier to cast, but
                  | a little less powerful. [potion of mutation]
 29585 | D:15     | Gained mutation: Your spells are a little harder to cast,
                  | but a little more powerful. [potion of mutation]
 29585 | D:15     | Gained mutation: You tend to lose your temper in combat.
                  | [potion of mutation]
 29586 | D:15     | Quit the game

Vault maps used:
D:1:      elethiomel_arrival_fortress_basement, minmay_tetromino_l4
D:2:      lemuel_coloured_pillars_altar,
          chequers_temple_overflow_statue_of_worship, minmay_misc_feat_roman
D:3:      chequers_ecumenical_altar_simple_redux, hangedman_decor_points,
          uniq_terence
D:4:      nicolae_overflow_hidden_temple, temple_doors_ab, uniq_sigmund
D:5:      lightli_sewer_entry_pipes, first_ration
D:6:      uniq_menkaure, uniq_prince_ribbit1
D:7:      cheibrodos_worm_habitat, basic_altar, uniq_pikel
D:8:      xom_confusion_cloud, serial_shops, shop, shop, the_bakery
D:9:      disabler_island
D:10:     david_lair_generic, special_room, minmay_gold_behind_fungi,
          amethyst_killhole, minmay_fractal_squares_gapless_7, uniq_josephine,
          uniq_nergalle
D:11:     hiddenorc1_lemuel, gauntlet_entry_generic
D:12:     enter_bailey_6, minmay_misc_feat_ornament
D:13:     minmay_triangles_in_corner, serial_shops, nicolae_shop_behind_doors,
          tso_altar, uniq_kirke
D:14:     grunt_vaults_entry_fortified, ebering_ghost_disaster_area,
          minmay_stone_trees_medium, uniq_snorg
D:15:     grunt_enter_depths_hoard, lemuel_crystal_altar, uniq_rupert
Temple:   eino_temple_scatter_basement
Lair:1:   gammafunk_lair_bear_cave
Lair:3:   palyth_hydra_swamp_entry, nicolae_spider_entry_orb_guardian,
          minmay_lair_oklob_chamber
Lair:4:   st_stairs_11, grunt_megastairs_2, uniq_nessos
Lair:5:   dpeg_slime_entry_enclosed_altar
Lair:6:   wormcave, hangedman_lair_tendril_chambers
Orc:1:    nicolae_orc_accident_3, serial_shops, nicolae_shop_behind_doors,
          nicolae_orc_lost_temple
Orc:2:    grunt_orc_community_town_hall, grunt_orc_community_big_house_1,
          grunt_orc_community_big_house_1, grunt_orc_community_house_2,
          grunt_orc_community_house_1, grunt_orc_community_house_2,
          grunt_orc_community_house_2
Sewer:    sewer_co_purgy_island
Bailey:   bailey_polearm_2, bailey
Gauntlet: minmay_gauntlet_77_indecision

Skill      XL: |  1  2  3  4  5  6  7  8  9 10 11 12 13 14 15 16 |
---------------+-------------------------------------------------+-----
Shields        | 3 4 5 7 8 9 11 12 14 15 | 15.0
Axes           | 3 4 5 6 8 9 10 11 13 14 15 | 15.0
Invocations    | 4 6 9 10 11 | 11.0
Fighting       | 5 7 10 12 13 | 13.8
Evocations     | 5 6 7 |  7.6
Dodging        | 1 5 6 |  6.4
Armour         | 5 6 |  6.9

Action                   |  1- 3 |  4- 6 |  7- 9 | 10-12 | 13-15 | 16-18 || total
-------------------------+-------+-------+-------+-------+-------+-------++-------
Melee: War axe           |   121 |   155 |   335 |   676 |       |       ||  1287
       Broad axe         |       |       |       |   212 |   936 |   212 ||  1360
       Constrict         |       |       |       |       |   172 |    34 ||   206
Invok: Divine Shield     |       |       |       |    22 |    10 |     1 ||    33
 Abil: Spit Poison       |       |    10 |     1 |       |     4 |       ||    15
Evoke: Wand              |       |       |       |     7 |     1 |       ||     8
  Use: Scroll            |       |     4 |       |    10 |    22 |       ||    36
       Potion            |       |       |     5 |     8 |       |     2 ||    15
  Eat: Chunk             |     2 |     8 |     9 |    17 |    34 |     4 ||    74
       Ration            |       |       |       |     1 |     1 |       ||     2
Armor: Scale mail        |    72 |    46 |    22 |       |       |       ||   140
       Skin              |       |       |    12 |    31 |       |       ||    43
       Ring mail         |       |       |    22 |    62 |       |       ||    84
       Chain mail        |       |       |       |    56 |   163 |       ||   219
       Plate armour      |       |       |       |       |    50 |       ||    50
       Troll leather arm |       |       |       |       |     8 |    48 ||    56
Dodge: Dodged            |    40 |    51 |   124 |   302 |   234 |    55 ||   806
Block: Shield            |   102 |     4 |       |       |       |       ||   106
       Large shield      |       |   132 |   279 |  1215 |   959 |   202 ||  2787

Table legend:
 A = Non-vault XP
 B = Vault XP
 C = Vault XP percentage of total XP
 D = Non-vault monster count
 E = Vault monster count
 F = Vault count percentage of total count
                 A         B        C        D         E       F
            +---------+---------+-------+---------+---------+-------
      Total |   92537 |   69241 |  42.8 |     621 |     299 |  32.5
            +---------+---------+-------+---------+---------+-------
        D:1 |      37 |       6 |  14.0 |      23 |       4 |  14.8
        D:2 |      61 |       0 |   0.0 |      21 |       0 |   0.0
        D:3 |      91 |      40 |  30.5 |      18 |       1 |   5.3
        D:4 |      93 |     212 |  69.5 |      11 |       1 |   8.3
        D:5 |    1389 |      96 |   6.5 |      23 |      13 |  36.1
        D:6 |     905 |     172 |  16.0 |      30 |       1 |   3.2
        D:7 |    2698 |     656 |  19.6 |      39 |       2 |   4.9
        D:8 |    1334 |     406 |  23.3 |      29 |       3 |   9.4
        D:9 |    2962 |       0 |   0.0 |      28 |       0 |   0.0
       D:10 |    3591 |    7817 |  68.5 |      50 |      37 |  42.5
       D:11 |    5700 |     217 |   3.7 |      42 |      17 |  28.8
       D:12 |    3871 |       0 |   0.0 |      33 |       0 |   0.0
       D:13 |   10738 |    7923 |  42.5 |      40 |      22 |  35.5
       D:14 |    8030 |    9500 |  54.2 |      33 |      12 |  26.7
       D:15 |   19115 |    5081 |  21.0 |      45 |       3 |   6.2
     Lair:1 |    1629 |     432 |  21.0 |       7 |       4 |  36.4
     Lair:2 |    6836 |       0 |   0.0 |      21 |       0 |   0.0
     Lair:3 |    5210 |    3199 |  38.0 |      26 |       8 |  23.5
     Lair:4 |     719 |    2248 |  75.8 |       5 |       4 |  44.4
     Lair:6 |    6278 |   16721 |  72.7 |      21 |      53 |  71.6
      Orc:1 |    6448 |     282 |   4.2 |      40 |       6 |  13.0
      Orc:2 |    4802 |    6956 |  59.2 |      36 |      63 |  63.6
      Sewer |       0 |     160 | 100.0 |       0 |       9 | 100.0
     Bailey |       0 |    2173 | 100.0 |       0 |      20 | 100.0
   Gauntlet |       0 |    4944 | 100.0 |       0 |      16 | 100.0
            +---------+---------+-------+---------+---------+-------
